 Dungeon Sprint DCSS version 0.17.2-1-ge4368a0 (webtiles) character file.

1913 mopl the Unseen (level 8, -1/63 HPs)
             Began as a Spriggan Assassin on Aug 22, 2016.
             Was a Priest of Trog.
             Slain by a centaur warrior (9 damage)
             ... in the Dungeon (Sprint III: "The Ten Rune Challenge").
             The game lasted 00:01:57 (545 turns).

mopl the Unseen (Spriggan Assassin)                  Turns: 545, Time: 00:01:57

Health: -1/63      AC:  3    Str: 12    XL:     8   Next: 95%
Magic:  9/9        EV: 17    Int: 12    God:    Trog [***...]
Gold:   47         SH:  0    Dex: 20    Spells: 0 memorised, 7 levels left

rFire  . . .     SeeInvis +     a - +2 dagger (venom)
rCold  . . .     Clarity  .     c - +0 robe
rNeg   . . .     SustAt   .     (shield restricted)
rPois  .         Gourm    .     (helmet restricted)
rElec  .         Spirit   .     d - +0 cloak
rCorr  .         Warding  .     (gloves unavailable)
rMut   .         NoTele   +     (boots unavailable)
MR     +....                    (no amulet)
Stlth  ..........               (no ring)
                                (no ring)

@: berserking (expiring), very quick, somewhat resistant to hostile
enchantments, extremely unstealthy
A: unfitting armour, see invisible, herbivore 3, speed 3, slow metabolism 2
a: Berserk, Trog's Hand, Burn Spellbooks, Renounce Religion


You were in the Dungeon.
You worshipped Trog.
Trog was most pleased with you.
You were not hungry.

You visited 1 branch You collected 47 gold pieces.

Inventory:

Hand Weapons
 a - a +2 dagger of venom (weapon)
 b - a +0 blowgun
Missiles
 e - 8 poisoned needles
 f - 2 curare-tipped needles
 w - 8 steel tomahawks (quivered)
Armour
 c - a +0 robe (worn)
 d - a +0 cloak (worn)
Scrolls
 m - a scroll of blinking
 n - 2 scrolls of immolation {unknown}
 o - a scroll of identify {unknown}
 p - 2 scrolls of remove curse
 r - a scroll of magic mapping {unknown}
 s - a scroll of enchant weapon {unknown}
Potions
 h - 2 potions of curing
 i - 2 potions of heal wounds
 j - a potion of haste
 k - 2 potions of magic
 l - a potion of berserk rage {!q}
 q - 2 potions of cure mutation {!q}
 u - a potion of might
Miscellaneous
 v - a plain deck of wonders
Comestibles
 g - 2 bread rations
 t - 2 royal jellies


   Skills:
 + Level 4.4 Fighting
 + Level 6.0 Short Blades
 * Level 14.8 Throwing
 - Level 1.5 Dodging
 + Level 16.5 Stealth


You had 7 spell levels left.
You didn't know any spells.

Dungeon Overview and Level Annotations

Branches:
Dungeon (1/1)

Altars:
Cheibriados
Dithmenos
Elyvilon
Fedhas
Gozag
Kikubaaqudgha
Makhleb
Nemelex Xobeh
Okawaru
Qazlal
Ru
Sif Muna
Trog
Vehumet
Xom
Yredelemnul
Zin
The Shining One
Jiyva
Lugonu


Innate Abilities, Weirdness & Mutations

You are tiny and cannot use many weapons and most armour.
You have supernaturally acute eyesight.
You are a herbivore.
You cover ground extremely quickly.
You need consume almost no food.


Message History

You are too injured to fight recklessly!
You hit the centaur warrior.
The centaur warrior is heavily wounded.
The centaur warrior hits you.
You hit the centaur warrior.
The centaur warrior is heavily wounded.
The centaur hits you!
* * * LOW HITPOINT WARNING * * *
You barely miss the centaur. The centaur warrior hits you.
* * * LOW HITPOINT WARNING * * *
The centaur misses you.
You puncture the centaur!
The centaur is poisoned.
The centaur is moderately wounded.
The centaur warrior hits you.
* * * LOW HITPOINT WARNING * * *
The centaur barely misses you.
You hit the centaur warrior.
The centaur warrior is severely wounded.
The centaur warrior hits you!
You die...

.)#._# ###'## .....#
.....# ####'#
_#...#+#############
_#...#..≈≈≈§.#.'...+
_#...#§#§≈§#.#.#...#
_#...'.#§§.#.#.#@..#
.'...#.#§§§#...#cc.#
▓▓▓▓▓▓▓▓▓▓▓▓▓▓▓▓▓▓▓#


You could see a centaur warrior and a centaur.

Vanquished Creatures
  Erica (D)
  A deep elf priest (D)
  A shadow (D)
  A spatial vortex (D)
  A centaur (D)
  A necrophage (D)
  An earth elemental (D)
  A water elemental (D)
  A jelly (D)
  Jessica (D)
  A wizard (D)
  A necromancer (D)
  3 humans (D)
  A kobold demonologist (D)
  An ooze (D)
  A phantom (D)
  2 rats (D)
20 creatures vanquished.

Vanquished Creatures (others)
  2 draconian scorchers (D)
  A yaktaur (D)
3 creatures vanquished.

Grand Total: 23 creatures vanquished

Notes
Turn   | Place    | Note
--------------------------------------------------------------
     0 | D        | mopl the Spriggan Assassin began the quest for the Orb.
     0 | D        | Reached XP level 1. HP: 10/10 MP: 2/2
     9 | D        | Reached skill level 6 in Stealth
    11 | D        | Reached skill level 3 in Throwing
    17 | D        | Noticed Jessica
    21 | D        | Killed Jessica
    21 | D        | Reached skill level 5 in Throwing
    21 | D        | Reached skill level 7 in Stealth
    21 | D        | Reached XP level 2. HP: 14/14 MP: 3/3
    21 | D        | Reached XP level 3. HP: 18/18 MP: 4/4
    28 | D        | Reached skill level 8 in Stealth
    69 | D        | Killed a yaktaur
    72 | D        | Reached skill level 6 in Throwing
    80 | D        | Noticed a water elemental
    96 | D        | Killed a water elemental
    96 | D        | Reached skill level 7 in Throwing
    96 | D        | Reached skill level 10 in Stealth
    96 | D        | Reached XP level 4. HP: 9/22 MP: 5/5
   111 | D        | Gained mutation: You can spit weak poison. [potion of mutation]
   111 | D        | Gained mutation: You are robust (+10% HP). [potion of mutation]
   112 | D        | Gained mutation: You have an increased reservoir of magic (+10% MP). [potion of mutation]
   112 | D        | Gained mutation: You tend to lose your temper in combat. [potion of mutation]
   112 | D        | Lost mutation: You are robust (+10% HP). [potion of mutation]
   113 | D        | Gained mutation: You occasionally shout uncontrollably at your foes. [potion of mutation]
   113 | D        | Lost mutation: You have an increased reservoir of magic (+10% MP). [potion of mutation]
   114 | D        | Lost mutation: You occasionally shout uncontrollably at your foes. [potion of cure mutation]
   114 | D        | Lost mutation: You can spit weak poison. [potion of cure mutation]
   114 | D        | Lost mutation: You tend to lose your temper in combat. [potion of cure mutation]
   261 | D        | Killed a white draconian scorcher
   299 | D        | Killed a white draconian scorcher
   360 | D        | Found an iron altar of Okawaru.
   361 | D        | Found a bloodstained altar of Trog.
   361 | D        | Noticed a human
   361 | D        | Noticed a human
   363 | D        | Killed a human
   363 | D        | Reached skill level 10 in Throwing
   363 | D        | Reached skill level 12 in Stealth
   363 | D        | Reached XP level 5. HP: 25/25 MP: 6/6
   363 | D        | Reached XP level 6. HP: 30/30 MP: 7/7
   364 | D        | Killed a human
   364 | D        | Reached skill level 11 in Throwing
   364 | D        | Reached skill level 13 in Stealth
   370 | D        | Became a worshipper of Trog the Wrathful
   374 | D        | Found a glowing silver altar of Zin.
   374 | D        | Found a glowing golden altar of the Shining One.
   374 | D        | Found a white marble altar of Elyvilon.
   374 | D        | Noticed a deep elf priest
   377 | D        | Killed a deep elf priest
   377 | D        | Reached skill level 12 in Throwing
   377 | D        | Reached skill level 14 in Stealth
   377 | D        | Reached XP level 7. HP: 33/33 MP: 8/8
   387 | D        | Found a radiant altar of Vehumet.
   388 | D        | Found a deep blue altar of Sif Muna.
   388 | D        | Found an ancient bone altar of Kikubaaqudgha.
   388 | D        | Noticed a wizard
   389 | D        | Killed a wizard
   389 | D        | Reached * piety under Trog
   390 | D        | Reached ** piety under Trog
   391 | D        | Reached skill level 13 in Throwing
   413 | D        | Found a basalt altar of Yredelemnul.
   413 | D        | Found a snail-covered altar of Cheibriados.
   413 | D        | Found a blossoming altar of Fedhas.
   413 | D        | Noticed a necrophage
   413 | D        | Noticed a necromancer
   415 | D        | Killed a necrophage
   415 | D        | Reached skill level 15 in Stealth
   416 | D        | Killed a necromancer
   423 | D        | Noticed a jelly
   424 | D        | Noticed a shadow
   426 | D        | Killed a shadow
   426 | D        | Reached skill level 2 in Fighting
   426 | D        | Reached skill level 3 in Short Blades
   430 | D        | Killed a jelly
   430 | D        | Reached *** piety under Trog
   435 | D        | Found a stormy altar of Qazlal.
   436 | D        | Found a sacrificial altar of Ru.
   436 | D        | Found a burning altar of Makhleb.
   436 | D        | Found a viscous altar of Jiyva.
   436 | D        | Found a shimmering altar of Xom.
   436 | D        | Found a shadowy altar of Dithmenos.
   436 | D        | Found a sparkling altar of Nemelex Xobeh.
   436 | D        | Found a corrupted altar of Lugonu.
   436 | D        | Found an opulent altar of Gozag.
   436 | D        | Noticed a spatial vortex
   440 | D        | Killed a spatial vortex
   440 | D        | Reached XP level 8. HP: 37/39 MP: 9/9
   452 | D        | Noticed Erica
   454 | D        | Killed Erica
   454 | D        | Received a gift from Trog
   454 | D        | Reached skill level 4 in Fighting
   454 | D        | Reached skill level 5 in Short Blades
   454 | D        | Reached skill level 14 in Throwing
   454 | D        | Reached skill level 16 in Stealth
   460 | D        | Noticed an earth elemental
   494 | D        | Killed an earth elemental
   529 | D        | Noticed a centaur
   529 | D        | Noticed a centaur warrior
   529 | D        | Noticed a centaur
   531 | D        | Killed a centaur
   531 | D        | Reached skill level 6 in Short Blades
   545 | D        | Slain by a centaur warrior

Action                   |  1- 3 |  4- 6 |  7- 9 || total
-------------------------+-------+-------+-------++-------
Melee: Dagger            |    20 |     3 |    43 ||    66
 Fire: Blowgun           |     2 |       |       ||     2
Invok: Burn Spellbooks   |       |       |     1 ||     1
       Berserk           |       |       |     2 ||     2
  Use: Potion            |     1 |     4 |       ||     5
 Stab: Sleeping          |     5 |     3 |     8 ||    16
